[ AOE2 MATCH · #465724013 ]
UnrankedTatars vs Burmese
[ REPLAY ANALYSIS · EXTRACTED FROM THE RECORDED GAME ]
Feudal
8:58
Castle
12:37
Imperial
26:57
| APM avg | 33.1 |
| APM peak | 96 |
| eAPM avg | 22.3 |
| Villagers / military | 273 / 510 |
Focus
⚔️ 34.2% · 🌾 65.8%
Skirmisher ×277 · Cavalry Archer ×132 · Scout Cavalry ×88 · Unknown (1263) ×77 · Trade Cart ×12 · Scorpion ×9
Feudal
8:00
Castle
11:30
Imperial
26:04
| APM avg | 55.7 |
| APM peak | 103 |
| eAPM avg | 43.2 |
| Villagers / military | 201 / 755 |
Focus
⚔️ 49.1% · 🌾 50.9%
Militia ×263 · Spearman ×227 · Battle Elephant ×123 · Scout Cavalry ×94 · Trade Cart ×93 · Arambai ×26
Feudal
8:04
Castle
11:35
Imperial
27:42
| APM avg | 44.9 |
| APM peak | 84 |
| eAPM avg | 27.5 |
| Villagers / military | 173 / 351 |
Focus
⚔️ 38.6% · 🌾 61.4%
Mameluke ×189 · Scout Cavalry ×134 · Trade Cart ×102 · Mangonel ×9 · Bombard Cannon ×9 · Battering Ram ×7
Feudal
8:01
Castle
11:31
Imperial
25:18
| APM avg | 63.2 |
| APM peak | 106 |
| eAPM avg | 42.3 |
| Villagers / military | 212 / 724 |
Focus
⚔️ 54.1% · 🌾 45.9%
Spearman ×499 · Knight ×127 · Battering Ram ×81 · Trade Cart ×56 · Trebuchet (Packed) ×6 · Mangonel ×4
Feudal
9:23
Castle
12:53
Imperial
24:58
| APM avg | 36.5 |
| APM peak | 79 |
| eAPM avg | 27.5 |
| Villagers / military | 260 / 570 |
Focus
⚔️ 34.5% · 🌾 65.5%
Spearman ×334 · Skirmisher ×98 · Archer ×60 · Hand Cannoneer ×56 · Battering Ram ×7 · Trebuchet (Packed) ×5
Feudal
8:28
Castle
12:04
Imperial
25:22
| APM avg | 23.4 |
| APM peak | 51 |
| eAPM avg | 19.5 |
| Villagers / military | 188 / 266 |
Focus
⚔️ 33.4% · 🌾 66.6%
Unknown (1952) ×384 · Skirmisher ×220 · Battering Ram ×46 · Trade Cart ×31 · Unknown (1954) ×2 · Unknown (1949) ×1
Feudal
8:25
Castle
11:41
Imperial
24:26
| APM avg | 43.7 |
| APM peak | 76 |
| eAPM avg | 34.8 |
| Villagers / military | 178 / 915 |
Focus
⚔️ 62.3% · 🌾 37.7%
Spearman ×282 · Skirmisher ×269 · Scout Cavalry ×201 · Camel Scout ×105 · Hand Cannoneer ×38 · Trade Cart ×9
Feudal
8:01
Castle
11:34
Imperial
26:34
| APM avg | 38.1 |
| APM peak | 91 |
| eAPM avg | 25.0 |
| Villagers / military | 190 / 1016 |
Focus
⚔️ 34.2% · 🌾 65.8%
Spearman ×905 · War Wagon ×54 · Iron Pagoda ×28 · Skirmisher ×20 · Trade Cart ×8 · Trebuchet (Packed) ×6
Match map
Initial resources + every placement click. Lines = walls · curves = elevation contours. ◆ gold · ⬟ stone · ● berries · ✦ relic · ◌ wall gap
Your base· ✓ Closed at 12:37 · 0t walls · 2 gate(s)
_LY_抖音肥龙's base· ✓ Closed at 11:30 · 0t walls · 2 gate(s)
yuyuyuyuyu's base· ✓ Closed at 11:35 · 0t walls · 2 gate(s)
_LY_抖音灵魂导师's base· ✓ Closed at 11:31 · 0t walls · 3 gate(s)
还是从前那个少年's base· ✓ Closed at 12:53 · 0t walls · 2 gate(s)
black empire lao lei's base· ✓ Closed at 12:04 · 0t walls · 3 gate(s)
paper tiger's base· ✓ Closed at 11:41 · 0t walls · 3 gate(s)
直帝选手一碰就碎's base· ✓ Closed at 11:34 · 0t walls · 3 gate(s)
Smoothed initial terrain · ◌ = detected wall gap · hover for details
Inputs per minute
— 元子 - - _LY_抖音肥龙
Build order — 元子
First 150 of 623 actions detected
| 0:03 | Queue | Villager (Male) |
| 0:03 | Queue | Villager (Male) ×2 |
| 0:07 | Build | Mining Camp |
| 0:23 | Build | Lumber Camp |
| 0:40 | Queue | Villager (Male) |
| 0:41 | Queue | Villager (Male) |
| 1:08 | Queue | Villager (Male) |
| 1:09 | Queue | Villager (Male) |
| 1:09 | Queue | Villager (Male) |
| 1:47 | Build | House |
| 1:49 | Build | House |
| 1:51 | Queue | Villager (Male) |
| 1:51 | Queue | Villager (Male) |
| 2:13 | Queue | Villager (Male) |
| 2:14 | Queue | Villager (Male) |
| 2:57 | Queue | Villager (Male) |
| 2:57 | Queue | Villager (Male) |
| 2:57 | Queue | Villager (Male) |
| 3:05 | Build | Mill |
| 3:27 | Queue | Villager (Male) ×2 |
| 3:27 | Queue | Villager (Male) |
| 3:28 | Queue | Villager (Male) |
| 4:17 | Queue | Villager (Male) ×2 |
| 4:17 | Queue | Villager (Male) |
| 4:48 | Build | Lumber Camp |
| 4:54 | Queue | Villager (Male) |
| 4:54 | Queue | Villager (Male) |
| 4:54 | Queue | Villager (Male) |
| 4:57 | Queue | Villager (Male) |
| 4:57 | Queue | Villager (Male) |
| 4:58 | Queue | Villager (Male) |
| 5:06 | Queue | Villager (Male) ×2 |
| 5:07 | Queue | Villager (Male) |
| 5:07 | Queue | Villager (Male) |
| 5:38 | Build | House |
| 6:48 | Research | Feudal Age |
| 6:52 | Build | Mining Camp |
| 7:45 | Build | Farm |
| 7:49 | Build | Farm |
| 7:55 | Build | Farm |
| 8:09 | Build | Farm |
| 8:16 | Queue | Villager (Male) |
| 8:16 | Queue | Villager (Male) |
| 8:58 | Age | Feudal Age |
| 9:03 | Build | Market |
| 9:06 | Build | Blacksmith |
| 9:12 | Build | Blacksmith |
| 9:22 | Research | Double-Bit Axe |
| 9:23 | Research | Double-Bit Axe |
| 9:57 | Research | Castle Age |
| 9:57 | Research | Castle Age |
| 10:05 | Research | Horse Collar |
| 10:05 | Research | Horse Collar |
| 10:05 | Research | Horse Collar |
| 10:30 | Build | Farm |
| 10:35 | Build | Farm |
| 10:35 | Build | Farm |
| 11:07 | Build | House |
| 11:09 | Build | House |
| 11:49 | Queue | Villager (Male) |
| 11:49 | Queue | Villager (Male) |
| 12:37 | Age | Castle Age |
| 12:39 | Build | Town Center |
| 12:42 | Build | Town Center |
| 12:47 | Research | Bow Saw |
| 12:47 | Research | Bow Saw |
| 12:59 | Queue | Villager (Male) |
| 13:21 | Research | Wheelbarrow |
| 13:46 | Queue | Villager (Male) ×5 |
| 14:11 | Research | Heavy Plow |
| 14:12 | Queue | Villager (Male) ×3 |
| 14:27 | Queue | Villager (Male) |
| 14:36 | Build | House |
| 14:37 | Build | House |
| 14:38 | Build | House |
| 14:56 | Build | Town Center |
| 15:08 | Queue | Villager (Male) ×5 |
| 15:19 | Build | Farm |
| 15:29 | Build | Farm |
| 15:40 | Queue | Villager (Male) ×3 |
| 15:46 | Build | Farm |
| 15:59 | Queue | Villager (Male) |
| 16:15 | Build | Town Center |
| 16:18 | Queue | Villager (Male) ×3 |
| 16:31 | Queue | Villager (Male) ×2 |
| 16:46 | Build | Farm |
| 16:51 | Queue | Villager (Male) ×2 |
| 17:16 | Build | Town Center |
| 17:19 | Build | Farm |
| 17:22 | Queue | Villager (Male) ×5 |
| 17:31 | Build | Farm |
| 17:33 | Build | Farm |
| 17:42 | Queue | Villager (Male) ×2 |
| 17:51 | Build | House |
| 17:53 | Build | House |
| 17:53 | Build | House |
| 17:56 | Build | House |
| 17:57 | Build | House |
| 18:02 | Build | House |
| 18:07 | Queue | Villager (Male) ×3 |
| 18:08 | Build | Farm |
| 18:12 | Build | Farm |
| 18:28 | Queue | Villager (Male) ×5 |
| 18:42 | Queue | Villager (Male) |
| 18:47 | Build | Farm |
| 18:51 | Build | House |
| 18:53 | Build | House |
| 18:54 | Build | House |
| 18:55 | Build | House |
| 18:57 | Build | Farm |
| 19:00 | Queue | Villager (Male) ×3 |
| 19:01 | Build | Farm |
| 19:09 | Queue | Villager (Male) ×2 |
| 19:13 | Build | House |
| 19:14 | Build | House |
| 19:16 | Queue | Villager (Male) |
| 19:18 | Build | Farm |
| 19:20 | Build | Farm |
| 19:24 | Build | House |
| 19:27 | Queue | Villager (Male) ×4 |
| 19:35 | Research | Gold Mining |
| 19:36 | Research | Gold Mining |
| 19:38 | Queue | Villager (Male) |
| 19:45 | Build | Farm |
| 19:48 | Queue | Villager (Male) ×3 |
| 19:57 | Queue | Villager (Male) |
| 20:01 | Build | House |
| 20:04 | Build | Farm |
| 20:06 | Build | Farm |
| 20:09 | Build | Farm |
| 20:12 | Queue | Villager (Male) ×3 |
| 20:14 | Build | Farm |
| 20:17 | Build | Farm |
| 20:18 | Build | Farm |
| 20:21 | Queue | Villager (Male) |
| 20:22 | Build | Farm |
| 20:30 | Build | Lumber Camp |
| 20:32 | Queue | Villager (Male) ×3 |
| 20:34 | Build | Farm |
| 20:36 | Build | Farm |
| 20:43 | Build | Farm |
| 20:53 | Build | House |
| 20:55 | Build | House |
| 20:57 | Build | Farm |
| 21:02 | Queue | Villager (Male) ×5 |
| 21:03 | Build | Farm |
| 21:05 | Build | Farm |
| 21:11 | Build | Farm |
| 21:14 | Build | Farm |
| 21:17 | Queue | Villager (Male) ×5 |
Build order — _LY_抖音肥龙
First 150 of 1292 actions detected
| 0:00 | Queue | Villager (Male) |
| 0:00 | Queue | Villager (Male) |
| 0:20 | Build | Lumber Camp |
| 0:41 | Queue | Villager (Male) |
| 1:06 | Queue | Villager (Male) |
| 1:26 | Queue | Villager (Male) |
| 1:31 | Build | House |
| 1:37 | Queue | Villager (Male) |
| 2:10 | Queue | Villager (Male) |
| 2:24 | Build | Mill |
| 2:28 | Queue | Villager (Male) |
| 2:58 | Queue | Villager (Male) |
| 3:23 | Queue | Villager (Male) |
| 3:25 | Build | House |
| 3:50 | Queue | Villager (Male) |
| 4:17 | Queue | Villager (Male) |
| 4:28 | Build | Farm |
| 4:44 | Queue | Villager (Male) |
| 4:57 | Build | Farm |
| 5:21 | Queue | Villager (Male) |
| 5:37 | Build | Mining Camp |
| 5:44 | Research | Feudal Age |
| 7:21 | Build | House |
| 7:25 | Queue | Villager (Male) |
| 8:00 | Age | Feudal Age |
| 8:02 | Build | Market |
| 8:05 | Queue | Villager (Male) |
| 8:09 | Build | Blacksmith |
| 8:49 | Research | Castle Age |
| 9:05 | Research | Horse Collar |
| 10:53 | Queue | Villager (Male) |
| 11:30 | Age | Castle Age |
| 11:31 | Build | Town Center |
| 11:33 | Build | Town Center |
| 11:38 | Build | Monastery |
| 11:42 | Queue | Villager (Male) |
| 11:48 | Build | Farm |
| 11:57 | Build | Farm |
| 11:59 | Queue | Villager (Male) |
| 12:16 | Build | House |
| 12:22 | Build | Farm |
| 12:23 | Queue | Monk |
| 12:24 | Queue | Villager (Male) |
| 12:30 | Build | Farm |
| 12:39 | Queue | Villager (Male) |
| 12:44 | Queue | Villager (Male) |
| 12:45 | Queue | Villager (Male) |
| 12:47 | Build | Farm |
| 12:56 | Queue | Villager (Male) |
| 13:00 | Queue | Monk |
| 13:02 | Queue | Villager (Male) |
| 13:05 | Queue | Villager (Male) |
| 13:12 | Build | Farm |
| 13:14 | Build | Farm |
| 13:19 | Queue | Villager (Male) |
| 13:26 | Queue | Villager (Male) |
| 13:31 | Build | Farm |
| 13:34 | Build | Farm |
| 13:38 | Queue | Villager (Male) |
| 13:45 | Queue | Villager (Male) |
| 13:47 | Build | Farm |
| 13:58 | Build | House |
| 14:07 | Queue | Villager (Male) |
| 14:18 | Queue | Villager (Male) |
| 14:21 | Build | Farm |
| 14:29 | Queue | Villager (Male) |
| 14:34 | Queue | Villager (Male) |
| 14:45 | Queue | Monk |
| 14:53 | Build | Farm |
| 14:56 | Queue | Villager (Male) |
| 14:58 | Build | Farm |
| 15:00 | Build | Farm |
| 15:01 | Queue | Villager (Male) |
| 15:17 | Queue | Villager (Male) |
| 15:22 | Build | Farm |
| 15:26 | Build | Town Center |
| 15:28 | Queue | Villager (Male) |
| 15:32 | Build | Farm |
| 15:32 | Queue | Villager (Male) |
| 15:33 | Build | Farm |
| 15:44 | Build | House |
| 15:46 | Queue | Villager (Male) |
| 15:53 | Build | Farm |
| 15:56 | Queue | Villager (Male) |
| 15:58 | Research | Wheelbarrow |
| 16:05 | Queue | Villager (Male) |
| 16:06 | Build | House |
| 16:07 | Build | Farm |
| 16:18 | Queue | Villager (Male) |
| 16:27 | Queue | Villager (Male) |
| 16:31 | Queue | Villager (Male) |
| 16:36 | Build | Farm |
| 16:44 | Build | Town Center |
| 16:46 | Queue | Monk |
| 16:47 | Queue | Villager (Male) |
| 16:52 | Build | Farm |
| 16:53 | Queue | Villager (Male) |
| 16:58 | Queue | Villager (Male) |
| 17:02 | Build | Farm |
| 17:05 | Queue | Villager (Male) |
| 17:06 | Queue | Villager (Male) |
| 17:14 | Build | House |
| 17:18 | Build | Farm |
| 17:20 | Build | Farm |
| 17:23 | Queue | Villager (Male) |
| 17:30 | Queue | Villager (Male) |
| 17:30 | Queue | Villager (Male) |
| 17:33 | Queue | Villager (Male) |
| 17:33 | Queue | Villager (Male) |
| 17:36 | Queue | Villager (Male) |
| 17:40 | Build | Farm |
| 17:41 | Queue | Villager (Male) |
| 17:42 | Build | Farm |
| 17:43 | Queue | Villager (Male) |
| 17:50 | Build | Farm |
| 17:56 | Queue | Villager (Male) |
| 17:59 | Build | Farm |
| 18:03 | Queue | Villager (Male) |
| 18:08 | Queue | Villager (Male) |
| 18:10 | Queue | Villager (Male) |
| 18:13 | Build | Farm |
| 18:13 | Build | Farm |
| 18:14 | Queue | Villager (Male) |
| 18:15 | Build | Farm |
| 18:16 | Build | Farm |
| 18:20 | Queue | Villager (Male) |
| 18:22 | Queue | Villager (Male) |
| 18:28 | Build | House |
| 18:30 | Build | Farm |
| 18:33 | Queue | Villager (Male) |
| 18:36 | Research | Heavy Plow |
| 18:40 | Queue | Villager (Male) |
| 18:48 | Queue | Villager (Male) |
| 18:49 | Queue | Villager (Male) |
| 18:50 | Build | Town Center |
| 18:56 | Queue | Villager (Male) |
| 18:57 | Build | House |
| 18:59 | Queue | Villager (Male) |
| 19:02 | Build | Farm |
| 19:09 | Queue | Villager (Male) |
| 19:12 | Queue | Villager (Male) |
| 19:18 | Queue | Villager (Male) |
| 19:18 | Queue | Villager (Male) |
| 19:21 | Queue | Villager (Male) |
| 19:23 | Build | House |
| 19:24 | Build | House |
| 19:27 | Queue | Villager (Male) |
| 19:30 | Build | Farm |
| 19:32 | Build | Farm |
| 19:33 | Queue | Villager (Male) |
Build order — yuyuyuyuyu
First 150 of 838 actions detected
| 0:01 | Queue | Villager (Male) |
| 0:01 | Queue | Villager (Male) |
| 0:04 | Build | Lumber Camp |
| 0:27 | Queue | Villager (Male) |
| 1:01 | Queue | Villager (Male) |
| 1:01 | Queue | Villager (Male) |
| 1:26 | Build | House |
| 1:27 | Build | House |
| 1:33 | Queue | Villager (Male) |
| 1:33 | Queue | Villager (Male) |
| 1:57 | Queue | Villager (Male) |
| 1:57 | Queue | Villager (Male) |
| 2:48 | Queue | Villager (Male) |
| 2:48 | Queue | Villager (Male) |
| 2:49 | Queue | Villager (Male) |
| 2:49 | Queue | Villager (Male) |
| 2:50 | Queue | Villager (Male) |
| 2:59 | Build | Mill |
| 3:17 | Queue | Villager (Male) |
| 3:18 | Queue | Villager (Male) |
| 5:24 | Queue | Villager (Male) |
| 5:42 | Build | Farm |
| 5:43 | Build | Farm |
| 5:54 | Research | Feudal Age |
| 6:10 | Queue | Villager (Male) |
| 6:10 | Queue | Villager (Male) |
| 6:40 | Build | Farm |
| 7:12 | Build | Farm |
| 7:18 | Build | House |
| 8:04 | Age | Feudal Age |
| 8:07 | Build | Market |
| 8:12 | Build | Blacksmith |
| 8:55 | Research | Castle Age |
| 10:03 | Queue | Villager (Male) |
| 10:03 | Queue | Villager (Male) |
| 10:04 | Research | Double-Bit Axe |
| 10:05 | Research | Horse Collar |
| 11:17 | Build | House |
| 11:35 | Age | Castle Age |
| 11:39 | Build | Town Center |
| 11:43 | Build | Town Center |
| 11:55 | Build | Monastery |
| 12:03 | Build | Farm |
| 12:08 | Queue | Villager (Male) |
| 12:14 | Build | Farm |
| 12:46 | Queue | Villager (Male) |
| 12:57 | Queue | Villager (Male) |
| 13:00 | Build | Farm |
| 13:03 | Queue | Villager (Male) |
| 13:10 | Queue | Villager (Male) |
| 13:10 | Queue | Villager (Male) |
| 13:12 | Build | Farm |
| 13:19 | Queue | Villager (Male) |
| 13:19 | Queue | Villager (Male) |
| 13:20 | Queue | Villager (Male) |
| 13:42 | Queue | Villager (Male) |
| 13:50 | Queue | Monk |
| 14:01 | Queue | Villager (Male) |
| 14:02 | Queue | Villager (Male) |
| 14:02 | Queue | Villager (Male) |
| 14:18 | Build | Farm |
| 14:19 | Build | Farm |
| 14:20 | Build | Farm |
| 14:21 | Build | Farm |
| 14:22 | Build | Farm |
| 14:28 | Queue | Villager (Male) |
| 14:28 | Queue | Villager (Male) |
| 14:29 | Queue | Villager (Male) |
| 14:30 | Build | Farm |
| 14:46 | Build | Farm |
| 14:55 | Build | House |
| 14:59 | Queue | Villager (Male) |
| 14:59 | Queue | Villager (Male) |
| 15:01 | Build | House |
| 15:02 | Build | House |
| 15:07 | Build | Farm |
| 15:09 | Build | Farm |
| 15:12 | Build | Farm |
| 15:17 | Queue | Villager (Male) |
| 15:24 | Queue | Villager (Male) |
| 15:30 | Build | Farm |
| 15:32 | Research | Loom |
| 15:34 | Build | Farm |
| 15:34 | Queue | Villager (Male) |
| 15:40 | Build | House |
| 15:43 | Build | Farm |
| 15:47 | Queue | Villager (Male) |
| 15:51 | Queue | Monk |
| 15:57 | Queue | Villager (Male) |
| 15:58 | Build | Farm |
| 16:04 | Queue | Villager (Male) |
| 16:05 | Queue | Villager (Male) |
| 16:13 | Build | Farm |
| 16:14 | Build | House |
| 16:27 | Queue | Villager (Male) |
| 16:27 | Queue | Villager (Male) |
| 16:28 | Queue | Villager (Male) |
| 16:42 | Queue | Villager (Male) |
| 16:46 | Build | Town Center |
| 16:53 | Queue | Villager (Male) |
| 16:53 | Queue | Villager (Male) |
| 16:53 | Queue | Villager (Male) |
| 16:56 | Build | House |
| 16:56 | Build | House |
| 17:07 | Queue | Villager (Male) |
| 17:07 | Queue | Villager (Male) |
| 17:11 | Build | Farm |
| 17:14 | Build | Farm |
| 17:16 | Queue | Villager (Male) |
| 17:20 | Build | Farm |
| 17:21 | Queue | Villager (Male) |
| 17:26 | Build | Farm |
| 17:28 | Queue | Villager (Male) |
| 17:29 | Queue | Villager (Male) |
| 17:33 | Build | Farm |
| 17:42 | Queue | Villager (Male) |
| 17:47 | Build | Farm |
| 17:48 | Queue | Villager (Male) |
| 17:59 | Queue | Villager (Male) |
| 17:59 | Queue | Villager (Male) |
| 18:02 | Queue | Monk |
| 18:06 | Build | Farm |
| 18:10 | Build | House |
| 18:11 | Build | House |
| 18:12 | Queue | Villager (Male) |
| 18:14 | Queue | Villager (Male) |
| 18:14 | Queue | Villager (Male) |
| 18:19 | Queue | Villager (Male) |
| 18:31 | Queue | Villager (Male) |
| 18:32 | Queue | Villager (Male) |
| 18:35 | Build | Town Center |
| 18:47 | Queue | Villager (Male) |
| 18:49 | Queue | Villager (Male) |
| 18:49 | Queue | Villager (Male) |
| 18:52 | Build | House |
| 18:53 | Build | House |
| 18:55 | Queue | Villager (Male) |
| 19:07 | Research | Bow Saw |
| 19:09 | Queue | Villager (Male) |
| 19:11 | Build | Lumber Camp |
| 19:14 | Build | Farm |
| 19:15 | Build | Farm |
| 19:16 | Build | Farm |
| 19:18 | Build | Farm |
| 19:22 | Queue | Villager (Male) |
| 19:22 | Queue | Villager (Male) |
| 19:23 | Queue | Villager (Male) |
| 19:28 | Build | Lumber Camp |
| 19:31 | Queue | Villager (Male) |
| 19:47 | Queue | Villager (Male) |
Build order — _LY_抖音灵魂导师
First 150 of 1353 actions detected
| 0:00 | Queue | Villager (Male) |
| 0:01 | Queue | Villager (Male) |
| 0:03 | Build | Lumber Camp |
| 0:38 | Queue | Villager (Male) |
| 1:02 | Queue | Villager (Male) |
| 1:19 | Queue | Villager (Male) |
| 1:23 | Build | House |
| 1:24 | Build | House |
| 1:25 | Build | House |
| 1:39 | Queue | Villager (Male) |
| 2:05 | Build | Mill |
| 2:16 | Queue | Villager (Male) |
| 2:17 | Queue | Villager (Male) |
| 2:17 | Queue | Villager (Male) |
| 2:53 | Queue | Villager (Male) |
| 2:53 | Queue | Villager (Male) |
| 3:04 | Queue | Villager (Male) |
| 3:13 | Build | Farm |
| 3:36 | Queue | Villager (Male) |
| 3:56 | Build | Farm |
| 4:08 | Queue | Villager (Male) |
| 4:18 | Queue | Villager (Male) |
| 4:19 | Queue | Villager (Male) |
| 4:19 | Queue | Villager (Male) |
| 4:19 | Queue | Villager (Male) |
| 4:30 | Queue | Villager (Male) |
| 4:30 | Queue | Villager (Male) |
| 5:04 | Build | Farm |
| 5:42 | Build | Mining Camp |
| 5:48 | Research | Feudal Age |
| 6:56 | Build | House |
| 7:44 | Queue | Villager (Male) |
| 7:45 | Queue | Villager (Male) |
| 8:01 | Age | Feudal Age |
| 8:02 | Build | Market |
| 8:07 | Build | Blacksmith |
| 8:29 | Research | Double-Bit Axe |
| 8:51 | Research | Castle Age |
| 9:46 | Research | Horse Collar |
| 10:03 | Build | Farm |
| 11:01 | Queue | Villager (Male) |
| 11:31 | Age | Castle Age |
| 11:32 | Build | Town Center |
| 11:34 | Build | Town Center |
| 11:37 | Research | Bow Saw |
| 11:50 | Queue | Villager (Male) |
| 11:58 | Queue | Villager (Male) |
| 12:18 | Queue | Villager (Male) |
| 12:36 | Queue | Villager (Male) |
| 12:47 | Build | Monastery |
| 12:50 | Queue | Villager (Male) |
| 12:50 | Queue | Villager (Male) |
| 13:03 | Queue | Villager (Male) |
| 13:03 | Queue | Villager (Male) |
| 13:06 | Build | Farm |
| 13:09 | Queue | Villager (Male) |
| 13:09 | Queue | Villager (Male) |
| 13:20 | Queue | Villager (Male) |
| 13:21 | Build | Farm |
| 13:23 | Build | Farm |
| 13:24 | Build | Farm |
| 13:38 | Build | House |
| 13:40 | Queue | Missionary |
| 13:40 | Queue | Missionary |
| 13:47 | Queue | Villager (Male) |
| 13:47 | Queue | Villager (Male) |
| 13:49 | Build | Farm |
| 13:51 | Build | Farm |
| 13:59 | Build | Farm |
| 14:08 | Queue | Villager (Male) |
| 14:11 | Build | Farm |
| 14:12 | Build | Farm |
| 14:17 | Build | House |
| 14:18 | Build | House |
| 14:20 | Queue | Villager (Male) |
| 14:27 | Build | Farm |
| 14:39 | Queue | Villager (Male) |
| 14:41 | Build | Farm |
| 14:50 | Queue | Villager (Male) |
| 14:55 | Build | Farm |
| 14:56 | Queue | Villager (Male) |
| 15:05 | Build | House |
| 15:11 | Queue | Villager (Male) |
| 15:12 | Queue | Villager (Male) |
| 15:20 | Build | Farm |
| 15:22 | Build | Farm |
| 15:23 | Build | Farm |
| 15:25 | Queue | Villager (Male) |
| 15:25 | Queue | Villager (Male) |
| 15:28 | Build | Farm |
| 15:32 | Build | House |
| 15:33 | Build | House |
| 15:41 | Queue | Villager (Male) |
| 15:41 | Queue | Villager (Male) |
| 15:42 | Queue | Villager (Male) |
| 15:49 | Queue | Missionary |
| 15:52 | Queue | Villager (Male) |
| 16:03 | Queue | Villager (Male) |
| 16:05 | Build | Town Center |
| 16:11 | Queue | Villager (Male) |
| 16:20 | Queue | Villager (Male) |
| 16:22 | Build | House |
| 16:26 | Build | Farm |
| 16:26 | Build | Farm |
| 16:28 | Queue | Villager (Male) |
| 16:33 | Build | Farm |
| 16:35 | Queue | Villager (Male) |
| 16:35 | Queue | Villager (Male) |
| 16:48 | Queue | Villager (Male) |
| 16:49 | Queue | Villager (Male) |
| 16:53 | Build | House |
| 16:54 | Build | House |
| 16:55 | Build | House |
| 16:56 | Queue | Villager (Male) |
| 16:59 | Build | Farm |
| 17:03 | Queue | Villager (Male) |
| 17:04 | Queue | Villager (Male) |
| 17:10 | Queue | Villager (Male) |
| 17:15 | Build | Lumber Camp |
| 17:23 | Queue | Villager (Male) |
| 17:23 | Queue | Villager (Male) |
| 17:28 | Queue | Villager (Male) |
| 17:41 | Queue | Villager (Male) |
| 17:41 | Queue | Villager (Male) |
| 17:46 | Queue | Villager (Male) |
| 17:57 | Build | Town Center |
| 18:02 | Queue | Villager (Male) |
| 18:03 | Queue | Villager (Male) |
| 18:03 | Queue | Villager (Male) |
| 18:05 | Build | Farm |
| 18:06 | Build | Farm |
| 18:07 | Build | Farm |
| 18:07 | Build | Farm |
| 18:25 | Queue | Villager (Male) |
| 18:28 | Build | Farm |
| 18:30 | Queue | Villager (Male) |
| 18:31 | Queue | Villager (Male) |
| 18:31 | Queue | Villager (Male) |
| 18:32 | Build | Farm |
| 18:33 | Build | Farm |
| 18:42 | Queue | Villager (Male) |
| 18:42 | Queue | Villager (Male) |
| 18:50 | Queue | Villager (Male) |
| 18:50 | Queue | Villager (Male) |
| 18:59 | Build | Mill |
| 18:59 | Build | Farm |
| 18:59 | Build | Farm |
| 19:00 | Build | Farm |
| 19:00 | Build | Farm |
| 19:00 | Build | Farm |
Build order — 还是从前那个少年
First 150 of 759 actions detected
| 0:06 | Build | Lumber Camp |
| 0:07 | Queue | Villager (Male) |
| 0:08 | Queue | Villager (Male) |
| 1:30 | Queue | Villager (Male) |
| 1:31 | Queue | Villager (Male) |
| 1:39 | Queue | Villager (Male) |
| 2:05 | Queue | Villager (Male) |
| 2:07 | Build | House |
| 2:09 | Build | House |
| 2:10 | Build | House |
| 2:49 | Build | Mill |
| 3:28 | Queue | Villager (Male) |
| 3:28 | Queue | Villager (Male) |
| 3:28 | Queue | Villager (Male) |
| 3:29 | Queue | Villager (Male) |
| 3:31 | Queue | Villager (Male) |
| 3:36 | Queue | Villager (Male) |
| 3:39 | Queue | Villager (Male) |
| 4:17 | Queue | Villager (Male) |
| 4:22 | Queue | Villager (Male) |
| 4:57 | Queue | Villager (Male) |
| 5:00 | Queue | Villager (Male) |
| 5:07 | Queue | Villager (Male) |
| 5:33 | Queue | Villager (Male) |
| 6:16 | Build | Farm |
| 6:17 | Build | Farm |
| 6:18 | Build | Farm |
| 6:32 | Queue | Villager (Male) |
| 6:32 | Research | Feudal Age |
| 6:53 | Build | Mining Camp |
| 7:30 | Queue | Villager (Male) |
| 7:31 | Queue | Villager (Male) |
| 9:23 | Age | Feudal Age |
| 9:25 | Build | Market |
| 9:28 | Build | Blacksmith |
| 9:35 | Build | House |
| 9:37 | Build | House |
| 10:12 | Research | Castle Age |
| 11:05 | Research | Double-Bit Axe |
| 11:07 | Research | Horse Collar |
| 11:10 | Build | Farm |
| 11:11 | Build | Farm |
| 11:18 | Build | Farm |
| 12:06 | Queue | Villager (Male) |
| 12:30 | Queue | Villager (Male) |
| 12:42 | Build | Farm |
| 12:47 | Queue | Villager (Male) |
| 12:53 | Age | Castle Age |
| 12:54 | Research | Heavy Plow |
| 12:57 | Build | Town Center |
| 13:05 | Research | Bow Saw |
| 13:08 | Research | Heavy Plow |
| 13:08 | Research | Heavy Plow |
| 13:09 | Queue | Villager (Male) |
| 13:12 | Build | Farm |
| 13:14 | Build | Farm |
| 13:16 | Build | Farm |
| 13:25 | Build | Town Center |
| 13:30 | Build | Town Center |
| 13:31 | Queue | Villager (Male) |
| 13:34 | Build | Farm |
| 13:47 | Build | Farm |
| 14:11 | Build | Farm |
| 14:16 | Queue | Villager (Male) |
| 14:17 | Queue | Villager (Male) |
| 14:29 | Build | Farm |
| 14:31 | Queue | Villager (Male) |
| 14:40 | Queue | Villager (Male) |
| 14:43 | Build | Farm |
| 14:49 | Queue | Villager (Male) |
| 14:53 | Queue | Villager (Male) |
| 14:54 | Queue | Villager (Male) |
| 14:57 | Build | House |
| 14:59 | Queue | Villager (Male) |
| 15:00 | Queue | Villager (Male) |
| 15:04 | Build | Farm |
| 15:04 | Queue | Villager (Male) |
| 15:10 | Build | Farm |
| 15:33 | Build | Farm |
| 15:57 | Queue | Villager (Male) |
| 15:58 | Queue | Villager (Male) |
| 16:02 | Queue | Villager (Male) |
| 16:11 | Queue | Villager (Male) |
| 16:20 | Build | House |
| 16:24 | Queue | Villager (Male) |
| 16:36 | Queue | Villager (Male) |
| 16:45 | Build | Town Center |
| 16:51 | Build | House |
| 16:53 | Queue | Villager (Male) |
| 16:54 | Queue | Villager (Male) |
| 17:00 | Queue | Villager (Male) |
| 17:01 | Queue | Villager (Male) |
| 17:07 | Research | Wheelbarrow |
| 17:07 | Research | Wheelbarrow |
| 17:20 | Queue | Villager (Male) |
| 17:27 | Queue | Villager (Male) |
| 17:33 | Build | Town Center |
| 17:35 | Queue | Villager (Male) |
| 17:39 | Build | House |
| 17:40 | Queue | Villager (Male) |
| 17:44 | Build | Farm |
| 17:48 | Queue | Villager (Male) |
| 17:58 | Build | Farm |
| 18:00 | Queue | Villager (Male) |
| 18:05 | Build | Farm |
| 18:09 | Build | Farm |
| 18:12 | Queue | Villager (Male) |
| 18:16 | Build | Farm |
| 18:17 | Queue | Villager (Male) |
| 18:19 | Queue | Villager (Male) |
| 18:26 | Build | Farm |
| 18:27 | Queue | Villager (Male) |
| 18:33 | Build | Farm |
| 18:37 | Queue | Villager (Male) |
| 18:41 | Build | Farm |
| 18:42 | Queue | Villager (Male) |
| 18:48 | Queue | Villager (Male) |
| 18:50 | Build | House |
| 18:52 | Build | House |
| 19:01 | Queue | Villager (Male) |
| 19:02 | Queue | Villager (Male) |
| 19:05 | Queue | Villager (Male) |
| 19:06 | Research | Loom |
| 19:10 | Queue | Villager (Male) |
| 19:10 | Queue | Villager (Male) |
| 19:13 | Research | Loom |
| 19:16 | Build | Farm |
| 19:18 | Build | Farm |
| 19:19 | Queue | Villager (Male) |
| 19:25 | Queue | Villager (Male) |
| 19:26 | Queue | Villager (Male) |
| 19:30 | Build | House |
| 19:31 | Build | House |
| 19:32 | Queue | Villager (Male) |
| 19:32 | Queue | Villager (Male) |
| 19:37 | Queue | Villager (Male) |
| 19:42 | Build | Farm |
| 19:45 | Build | Farm |
| 19:47 | Build | Farm |
| 19:48 | Queue | Villager (Male) |
| 19:51 | Queue | Villager (Male) |
| 19:56 | Build | House |
| 20:05 | Queue | Villager (Male) |
| 20:06 | Queue | Villager (Male) |
| 20:13 | Build | University |
| 20:16 | Queue | Villager (Male) |
| 20:18 | Build | House |
| 20:21 | Queue | Villager (Male) |
| 20:22 | Queue | Villager (Male) |
| 20:27 | Build | Farm |
Build order — black empire lao lei
First 150 of 712 actions detected
| 0:03 | Queue | Villager (Male) |
| 0:03 | Queue | Villager (Male) |
| 0:04 | Queue | Villager (Male) |
| 0:11 | Build | Lumber Camp |
| 0:15 | Build | House |
| 0:16 | Build | House |
| 0:17 | Build | House |
| 0:34 | Queue | Villager (Male) |
| 0:55 | Queue | Villager (Male) |
| 1:17 | Build | House |
| 1:26 | Queue | Villager (Male) |
| 1:26 | Queue | Villager (Male) |
| 1:26 | Queue | Villager (Male) |
| 2:24 | Queue | Villager (Male) |
| 2:25 | Queue | Villager (Male) |
| 2:56 | Queue | Villager (Male) |
| 2:56 | Queue | Villager (Male) |
| 2:56 | Queue | Villager (Male) |
| 2:56 | Queue | Villager (Male) |
| 3:58 | Build | Mill |
| 4:05 | Queue | Villager (Male) |
| 4:05 | Queue | Villager (Male) |
| 4:21 | Build | Mining Camp |
| 5:14 | Queue | Villager (Male) |
| 5:14 | Queue | Villager (Male) |
| 5:37 | Research | Feudal Age |
| 7:29 | Queue | Villager (Male) |
| 7:30 | Queue | Villager (Male) |
| 8:08 | Build | Lumber Camp |
| 8:28 | Age | Feudal Age |
| 8:35 | Build | Market |
| 8:47 | Build | Blacksmith |
| 8:55 | Research | Double-Bit Axe |
| 8:57 | Research | Horse Collar |
| 9:18 | Build | House |
| 9:24 | Research | Castle Age |
| 9:55 | Build | Farm |
| 9:57 | Build | Farm |
| 10:04 | Build | Farm |
| 10:05 | Build | Farm |
| 10:17 | Build | Farm |
| 10:47 | Build | Farm |
| 10:48 | Build | Farm |
| 10:54 | Build | House |
| 11:11 | Queue | Villager (Male) |
| 11:11 | Queue | Villager (Male) |
| 11:47 | Build | House |
| 12:04 | Age | Castle Age |
| 12:11 | Build | Town Center |
| 12:17 | Queue | Villager (Male) |
| 12:18 | Queue | Villager (Male) |
| 12:24 | Build | Town Center |
| 12:32 | Research | Bow Saw |
| 12:36 | Research | Heavy Plow |
| 12:42 | Build | House |
| 12:53 | Queue | Villager (Male) |
| 13:01 | Build | Farm |
| 13:06 | Build | Farm |
| 13:08 | Build | Farm |
| 13:10 | Build | Farm |
| 13:10 | Build | Farm |
| 13:12 | Build | Farm |
| 13:13 | Build | Farm |
| 13:14 | Build | Farm |
| 13:14 | Build | Farm |
| 13:14 | Build | Farm |
| 13:15 | Build | Farm |
| 13:16 | Build | Farm |
| 13:25 | Build | Farm |
| 13:26 | Build | Farm |
| 13:26 | Build | Farm |
| 13:28 | Build | Farm |
| 13:28 | Build | Farm |
| 13:29 | Build | Farm |
| 13:29 | Build | Farm |
| 13:29 | Build | Farm |
| 13:30 | Build | Farm |
| 13:30 | Build | Farm |
| 13:31 | Build | Farm |
| 13:32 | Build | Farm |
| 13:32 | Build | Farm |
| 13:32 | Build | Farm |
| 13:33 | Build | Farm |
| 13:33 | Build | Farm |
| 13:35 | Queue | Villager (Male) |
| 13:36 | Queue | Villager (Male) |
| 13:53 | Build | House |
| 13:54 | Queue | Villager (Male) |
| 13:55 | Queue | Villager (Male) |
| 13:55 | Queue | Villager (Male) |
| 14:05 | Build | Farm |
| 14:07 | Build | Farm |
| 14:08 | Build | Farm |
| 14:10 | Build | Farm |
| 14:13 | Queue | Villager (Male) |
| 14:13 | Queue | Villager (Male) |
| 14:18 | Build | House |
| 14:20 | Build | House |
| 14:20 | Build | House |
| 14:26 | Queue | Villager (Male) |
| 14:42 | Queue | Villager (Male) |
| 14:43 | Queue | Villager (Male) |
| 14:59 | Queue | Villager (Male) |
| 15:07 | Build | Town Center |
| 15:11 | Queue | Villager (Male) |
| 15:12 | Queue | Villager (Male) |
| 15:18 | Build | Farm |
| 15:21 | Build | Farm |
| 15:22 | Build | Farm |
| 15:23 | Build | Farm |
| 15:24 | Build | Farm |
| 15:28 | Build | Farm |
| 15:29 | Build | Farm |
| 15:30 | Build | Farm |
| 15:32 | Build | Farm |
| 15:34 | Queue | Villager (Male) |
| 15:34 | Queue | Villager (Male) |
| 15:34 | Queue | Villager (Male) |
| 15:42 | Queue | Villager (Male) |
| 15:57 | Build | House |
| 15:59 | Queue | Villager (Male) |
| 16:08 | Queue | Villager (Male) |
| 16:17 | Build | Mining Camp |
| 16:19 | Queue | Villager (Male) |
| 16:32 | Build | Town Center |
| 16:38 | Research | Wheelbarrow |
| 16:41 | Queue | Villager (Male) |
| 16:44 | Queue | Villager (Male) |
| 16:56 | Build | Mining Camp |
| 16:59 | Queue | Villager (Male) |
| 16:59 | Queue | Villager (Male) |
| 16:59 | Queue | Villager (Male) |
| 17:06 | Queue | Villager (Male) |
| 17:07 | Queue | Villager (Male) |
| 17:12 | Build | House |
| 17:24 | Build | University |
| 17:26 | Queue | Villager (Male) |
| 17:26 | Queue | Villager (Male) |
| 17:37 | Build | Farm |
| 17:38 | Build | Farm |
| 17:41 | Build | Farm |
| 17:47 | Queue | Villager (Male) |
| 17:48 | Queue | Villager (Male) |
| 17:48 | Queue | Villager (Male) |
| 17:48 | Queue | Villager (Male) |
| 17:49 | Queue | Villager (Male) |
| 17:49 | Queue | Villager (Male) |
| 18:04 | Build | Mill |
| 18:05 | Queue | Villager (Male) |
| 18:05 | Queue | Villager (Male) |
Build order — paper tiger
First 150 of 1421 actions detected
| 0:00 | Queue | Villager (Male) |
| 0:00 | Queue | Villager (Male) |
| 0:01 | Queue | Villager (Male) |
| 0:01 | Queue | Villager (Male) |
| 0:03 | Build | House |
| 0:16 | Build | Lumber Camp |
| 0:41 | Queue | Villager (Male) |
| 0:55 | Queue | Villager (Male) |
| 1:27 | Queue | Villager (Male) |
| 1:59 | Queue | Villager (Male) |
| 2:00 | Queue | Villager (Male) |
| 2:29 | Build | Mill |
| 2:37 | Queue | Villager (Male) |
| 2:37 | Queue | Villager (Male) |
| 2:45 | Queue | Villager (Male) |
| 2:48 | Queue | Villager (Male) |
| 2:55 | Build | House |
| 2:56 | Build | House |
| 3:24 | Queue | Villager (Male) |
| 3:32 | Build | House |
| 3:41 | Queue | Villager (Male) |
| 3:51 | Queue | Villager (Male) |
| 3:55 | Queue | Villager (Male) |
| 4:59 | Build | Farm |
| 5:02 | Build | Farm |
| 5:16 | Build | Farm |
| 5:25 | Build | Mining Camp |
| 5:44 | Queue | Villager (Male) |
| 6:12 | Research | Feudal Age |
| 6:53 | Queue | Villager (Male) |
| 6:54 | Queue | Villager (Male) |
| 7:02 | Build | Farm |
| 8:25 | Age | Feudal Age |
| 8:28 | Build | Market |
| 8:30 | Build | Blacksmith |
| 8:39 | Research | Double-Bit Axe |
| 9:03 | Research | Horse Collar |
| 9:16 | Research | Castle Age |
| 9:24 | Build | Lumber Camp |
| 10:02 | Queue | Villager (Male) |
| 10:02 | Queue | Villager (Male) |
| 10:48 | Queue | Villager (Male) |
| 11:41 | Age | Castle Age |
| 11:43 | Build | Town Center |
| 11:46 | Build | Town Center |
| 11:48 | Research | Bow Saw |
| 11:49 | Research | Heavy Plow |
| 11:49 | Research | Heavy Plow |
| 12:06 | Build | Farm |
| 12:08 | Build | Farm |
| 12:13 | Queue | Villager (Male) |
| 12:14 | Queue | Villager (Male) |
| 12:19 | Build | Farm |
| 12:23 | Build | Farm |
| 12:27 | Queue | Villager (Male) |
| 12:46 | Build | Farm |
| 12:53 | Build | Farm |
| 13:00 | Queue | Villager (Male) |
| 13:07 | Queue | Villager (Male) |
| 13:09 | Queue | Villager (Male) |
| 13:13 | Build | Farm |
| 13:13 | Build | Farm |
| 13:15 | Queue | Villager (Male) |
| 13:18 | Build | Farm |
| 13:20 | Queue | Villager (Male) |
| 13:27 | Queue | Villager (Male) |
| 13:30 | Queue | Villager (Male) |
| 13:33 | Queue | Villager (Male) |
| 13:34 | Build | Farm |
| 13:41 | Queue | Villager (Male) |
| 13:44 | Build | Farm |
| 13:53 | Queue | Villager (Male) |
| 13:56 | Build | Farm |
| 14:00 | Build | House |
| 14:08 | Queue | Villager (Male) |
| 14:13 | Build | Farm |
| 14:15 | Build | House |
| 14:17 | Queue | Villager (Male) |
| 14:35 | Queue | Villager (Male) |
| 14:42 | Queue | Villager (Male) |
| 14:46 | Queue | Villager (Male) |
| 14:48 | Queue | Villager (Male) |
| 14:51 | Build | Farm |
| 14:51 | Build | Farm |
| 14:52 | Build | Farm |
| 14:54 | Queue | Villager (Male) |
| 14:55 | Queue | Villager (Male) |
| 14:55 | Queue | Villager (Male) |
| 15:00 | Build | Farm |
| 15:02 | Build | House |
| 15:04 | Queue | Villager (Male) |
| 15:10 | Build | Farm |
| 15:16 | Queue | Villager (Male) |
| 15:35 | Queue | Villager (Male) |
| 15:37 | Build | House |
| 15:40 | Queue | Villager (Male) |
| 15:47 | Build | Town Center |
| 15:48 | Queue | Villager (Male) |
| 15:52 | Build | Town Center |
| 15:53 | Queue | Villager (Male) |
| 15:55 | Queue | Villager (Male) |
| 15:57 | Queue | Villager (Male) |
| 16:00 | Queue | Villager (Male) |
| 16:07 | Queue | Villager (Male) |
| 16:13 | Build | House |
| 16:13 | Build | House |
| 16:19 | Queue | Villager (Male) |
| 16:21 | Queue | Villager (Male) |
| 16:28 | Build | Town Center |
| 16:28 | Queue | Villager (Male) |
| 16:31 | Queue | Villager (Male) |
| 16:34 | Build | House |
| 16:39 | Build | House |
| 16:40 | Build | House |
| 16:41 | Queue | Villager (Male) |
| 16:50 | Build | Lumber Camp |
| 16:52 | Queue | Villager (Male) |
| 16:53 | Queue | Villager (Male) |
| 17:05 | Research | Wheelbarrow |
| 17:06 | Research | Wheelbarrow |
| 17:10 | Build | Farm |
| 17:10 | Build | Farm |
| 17:12 | Queue | Villager (Male) |
| 17:21 | Queue | Villager (Male) |
| 17:26 | Queue | Villager (Male) |
| 17:28 | Build | House |
| 17:29 | Build | House |
| 17:30 | Queue | Villager (Male) |
| 17:34 | Queue | Villager (Male) |
| 17:45 | Queue | Villager (Male) |
| 17:52 | Queue | Villager (Male) |
| 17:59 | Queue | Villager (Male) |
| 18:01 | Queue | Villager (Male) |
| 18:05 | Build | House |
| 18:07 | Build | House |
| 18:08 | Queue | Villager (Male) |
| 18:11 | Build | Mining Camp |
| 18:13 | Queue | Villager (Male) |
| 18:15 | Build | Farm |
| 18:15 | Build | Farm |
| 18:16 | Build | Farm |
| 18:16 | Build | Farm |
| 18:18 | Build | Farm |
| 18:28 | Build | Mill |
| 18:29 | Build | Farm |
| 18:29 | Build | Farm |
| 18:29 | Build | Farm |
| 18:30 | Build | Farm |
| 18:31 | Queue | Villager (Male) |
| 18:34 | Queue | Villager (Male) |
Build order — 直帝选手一碰就碎
First 150 of 665 actions detected
| 0:01 | Queue | Villager (Male) |
| 0:01 | Queue | Villager (Male) |
| 0:07 | Build | Lumber Camp |
| 0:32 | Build | House |
| 0:34 | Build | House |
| 0:35 | Build | House |
| 0:41 | Queue | Villager (Male) |
| 1:08 | Queue | Villager (Male) |
| 1:30 | Queue | Villager (Male) |
| 1:55 | Queue | Villager (Male) |
| 1:55 | Queue | Villager (Male) |
| 2:29 | Queue | Villager (Male) |
| 2:30 | Queue | Villager (Male) |
| 2:30 | Queue | Villager (Male) |
| 2:30 | Queue | Villager (Male) |
| 2:55 | Build | Mill |
| 3:13 | Queue | Villager (Male) |
| 3:14 | Queue | Villager (Male) |
| 3:14 | Queue | Villager (Male) |
| 4:00 | Queue | Villager (Male) |
| 4:01 | Queue | Villager (Male) |
| 4:01 | Queue | Villager (Male) |
| 4:14 | Queue | Villager (Male) |
| 4:20 | Build | Mining Camp |
| 5:42 | Research | Feudal Age |
| 5:56 | Queue | Villager (Male) |
| 6:06 | Queue | Villager (Male) |
| 8:01 | Age | Feudal Age |
| 8:06 | Build | Blacksmith |
| 8:12 | Build | Market |
| 8:54 | Research | Castle Age |
| 8:54 | Research | Castle Age |
| 8:56 | Research | Double-Bit Axe |
| 8:57 | Research | Horse Collar |
| 9:04 | Build | Farm |
| 9:05 | Build | Farm |
| 9:10 | Build | Farm |
| 9:18 | Build | Farm |
| 9:23 | Build | Farm |
| 9:37 | Build | House |
| 9:38 | Build | House |
| 9:39 | Build | House |
| 9:40 | Build | House |
| 9:46 | Queue | Villager (Male) |
| 10:16 | Build | Lumber Camp |
| 10:49 | Queue | Villager (Male) |
| 11:34 | Age | Castle Age |
| 11:39 | Build | Town Center |
| 11:43 | Build | Town Center |
| 11:46 | Queue | Villager (Male) |
| 12:06 | Queue | Villager (Male) |
| 12:08 | Research | Bow Saw |
| 12:44 | Queue | Villager (Male) |
| 12:44 | Queue | Villager (Male) |
| 12:44 | Queue | Villager (Male) |
| 13:09 | Queue | Villager (Male) |
| 13:09 | Queue | Villager (Male) |
| 13:09 | Queue | Villager (Male) |
| 13:14 | Build | Farm |
| 13:15 | Build | Farm |
| 13:15 | Build | Farm |
| 13:15 | Build | Farm |
| 13:23 | Build | Farm |
| 13:23 | Build | Farm |
| 13:23 | Build | Farm |
| 13:23 | Build | Farm |
| 13:23 | Build | Farm |
| 13:24 | Build | Farm |
| 13:24 | Build | Farm |
| 13:24 | Build | Farm |
| 13:25 | Build | Farm |
| 13:25 | Build | Farm |
| 13:25 | Build | Farm |
| 13:25 | Build | Farm |
| 13:28 | Build | Farm |
| 13:28 | Build | Farm |
| 13:28 | Build | Farm |
| 13:33 | Queue | Villager (Male) |
| 13:52 | Queue | Villager (Male) |
| 13:52 | Queue | Villager (Male) |
| 13:56 | Build | Farm |
| 14:04 | Build | Farm |
| 14:17 | Queue | Villager (Male) |
| 14:18 | Queue | Villager (Male) |
| 14:19 | Queue | Villager (Male) |
| 14:19 | Queue | Villager (Male) |
| 14:35 | Build | Farm |
| 14:36 | Queue | Villager (Male) |
| 14:39 | Queue | Villager (Male) |
| 14:44 | Queue | Villager (Male) |
| 14:48 | Queue | Villager (Male) |
| 14:56 | Build | Farm |
| 14:57 | Build | Farm |
| 14:57 | Build | Farm |
| 14:57 | Build | Farm |
| 14:57 | Build | Farm |
| 15:02 | Queue | Villager (Male) |
| 15:05 | Queue | Villager (Male) |
| 15:18 | Queue | Villager (Male) |
| 15:30 | Build | Farm |
| 15:30 | Build | Farm |
| 15:31 | Build | Farm |
| 15:31 | Build | Farm |
| 15:31 | Build | Farm |
| 15:32 | Build | Farm |
| 15:32 | Build | Farm |
| 15:32 | Build | Farm |
| 15:33 | Build | Farm |
| 15:33 | Build | Farm |
| 15:33 | Build | Farm |
| 15:33 | Build | Farm |
| 15:33 | Build | Farm |
| 15:34 | Build | Farm |
| 15:34 | Build | Farm |
| 15:34 | Build | Farm |
| 15:34 | Build | Farm |
| 15:35 | Build | Farm |
| 15:35 | Build | Farm |
| 15:35 | Build | Farm |
| 15:36 | Build | Farm |
| 15:36 | Build | Farm |
| 15:36 | Build | Farm |
| 15:36 | Build | Farm |
| 15:37 | Build | Farm |
| 15:38 | Queue | Villager (Male) |
| 15:39 | Queue | Villager (Male) |
| 15:39 | Queue | Villager (Male) |
| 16:21 | Build | Town Center |
| 16:32 | Queue | Villager (Male) ×5 |
| 16:32 | Queue | Villager (Male) ×3 |
| 16:44 | Build | Farm |
| 16:45 | Build | Farm |
| 16:45 | Build | Farm |
| 17:11 | Build | Farm |
| 17:17 | Build | House |
| 17:18 | Build | House |
| 17:19 | Build | House |
| 17:20 | Build | House |
| 17:21 | Build | House |
| 17:23 | Build | House |
| 17:24 | Build | House |
| 17:29 | Queue | Villager (Male) ×5 |
| 17:35 | Build | Farm |
| 17:42 | Research | Wheelbarrow |
| 17:42 | Research | Wheelbarrow |
| 17:52 | Build | Farm |
| 17:53 | Build | Farm |
| 17:53 | Build | Farm |
| 17:53 | Build | Farm |
| 18:09 | Build | House |
Match timeline
| 8:00 | _LY_抖音肥龙 · age_up feudal |
| 8:01 | _LY_抖音灵魂导师 · age_up feudal |
| 8:01 | 直帝选手一碰就碎 · age_up feudal |
| 8:04 | yuyuyuyuyu · age_up feudal |
| 8:25 | paper tiger · age_up feudal |
| 8:28 | black empire lao lei · age_up feudal |
| 8:58 | 元子 · age_up feudal |
| 9:23 | 还是从前那个少年 · age_up feudal |
| 11:30 | _LY_抖音肥龙 · age_up castle |
| 11:31 | _LY_抖音灵魂导师 · age_up castle |
| 11:34 | 直帝选手一碰就碎 · age_up castle |
| 11:35 | yuyuyuyuyu · age_up castle |
| 11:38 | _LY_抖音肥龙 · first_building Monastery |
| 11:41 | paper tiger · age_up castle |
| 11:55 | yuyuyuyuyu · first_building Monastery |
| 12:04 | black empire lao lei · age_up castle |
| 12:37 | 元子 · age_up castle |
| 12:47 | _LY_抖音灵魂导师 · first_building Monastery |
| 12:53 | 还是从前那个少年 · age_up castle |
| 13:07 | _LY_抖音灵魂导师 · first_market_buy 100 food |
| 15:21 | 还是从前那个少年 · first_market_buy 100 stone |
| 15:45 | _LY_抖音肥龙 · first_market_buy 100 food |
| 16:14 | 直帝选手一碰就碎 · first_market_buy 100 wood |
| 18:31 | black empire lao lei · first_building Monastery |
| 19:20 | black empire lao lei · first_building Barracks |
| 19:26 | 直帝选手一碰就碎 · first_building Barracks |
| 19:34 | paper tiger · first_building Castle |
| 20:08 | paper tiger · first_building Barracks |
| 20:15 | black empire lao lei · first_building Castle |
| 21:02 | 还是从前那个少年 · first_building Siege Workshop |
| 21:23 | paper tiger · first_building Stable |
| 21:34 | paper tiger · first_market_buy 100 food |
| 21:43 | black empire lao lei · first_building Archery Range |
| 22:00 | 还是从前那个少年 · first_building Barracks |
| 22:04 | _LY_抖音灵魂导师 · first_market_sell 500 wood |
| 22:08 | 还是从前那个少年 · first_building Castle |
| 22:19 | _LY_抖音灵魂导师 · first_building Castle |
| 22:34 | 直帝选手一碰就碎 · first_building Castle |
| 22:38 | black empire lao lei · first_building Stable |
| 22:54 | 直帝选手一碰就碎 · first_building Monastery |
| 22:58 | 元子 · first_building Monastery |
| 23:20 | yuyuyuyuyu · wall_segment Palisade Wall x1 |
| 23:21 | yuyuyuyuyu · wall_segment Palisade Wall x1 |
| 23:24 | yuyuyuyuyu · wall_segment Palisade Wall x1 |
| 23:25 | _LY_抖音灵魂导师 · first_building Siege Workshop |
| 23:48 | _LY_抖音肥龙 · first_building Castle |
| 23:51 | _LY_抖音肥龙 · first_building Barracks |
| 23:53 | _LY_抖音灵魂导师 · first_building Barracks |
| 24:04 | 元子 · first_market_buy 100 stone |
| 24:11 | 元子 · first_building Castle |
| 24:26 | paper tiger · age_up imperial |
| 24:31 | yuyuyuyuyu · first_building Castle |
| 24:33 | 还是从前那个少年 · first_building Archery Range |
| 24:38 | _LY_抖音肥龙 · first_building Stable |
| 24:40 | 元子 · first_building Siege Workshop |
| 24:43 | 直帝选手一碰就碎 · first_market_sell 100 food |
| 24:58 | 还是从前那个少年 · age_up imperial |
| 25:10 | 还是从前那个少年 · first_market_sell 100 food |
| 25:18 | _LY_抖音灵魂导师 · age_up imperial |
| 25:22 | black empire lao lei · age_up imperial |
| 25:23 | 元子 · first_building Barracks |
| 25:44 | yuyuyuyuyu · first_building Barracks |
| 26:01 | paper tiger · first_building Archery Range |
| 26:04 | _LY_抖音肥龙 · age_up imperial |
| 26:09 | 元子 · first_building Archery Range |
| 26:15 | _LY_抖音肥龙 · wall_segment Palisade Wall x1 |
| 26:17 | 元子 · first_building Stable |
| 26:23 | yuyuyuyuyu · first_building Stable |
| 26:27 | 还是从前那个少年 · wall_segment Stone Wall x4 |
| 26:34 | 直帝选手一碰就碎 · age_up imperial |
| 26:49 | _LY_抖音肥龙 · first_market_sell 100 wood |
| 26:57 | 元子 · age_up imperial |
| 27:36 | paper tiger · first_market_sell 100 wood |
| 27:42 | yuyuyuyuyu · age_up imperial |
| 28:18 | yuyuyuyuyu · first_building Siege Workshop |
| 33:02 | yuyuyuyuyu · tribute_sent a jugador 1 |
| 33:02 | yuyuyuyuyu · tribute_sent a jugador 3 |
| 33:02 | yuyuyuyuyu · tribute_sent a jugador 4 |
| 33:02 | yuyuyuyuyu · tribute_sent a jugador 5 |
| 33:02 | yuyuyuyuyu · tribute_sent a jugador 6 |
| 33:02 | yuyuyuyuyu · tribute_sent a jugador 7 |
| 33:02 | yuyuyuyuyu · tribute_sent a jugador 8 |
| 33:13 | 直帝选手一碰就碎 · tribute_sent a jugador 1 |
| 33:13 | 直帝选手一碰就碎 · tribute_sent a jugador 2 |
| 33:13 | 直帝选手一碰就碎 · tribute_sent a jugador 3 |
| 33:13 | 直帝选手一碰就碎 · tribute_sent a jugador 4 |
| 33:13 | 直帝选手一碰就碎 · tribute_sent a jugador 5 |
| 33:13 | 直帝选手一碰就碎 · tribute_sent a jugador 6 |
| 33:13 | 直帝选手一碰就碎 · tribute_sent a jugador 7 |
| 33:57 | paper tiger · tribute_sent a jugador 1 |
| 33:57 | paper tiger · tribute_sent a jugador 2 |
| 33:57 | paper tiger · tribute_sent a jugador 3 |
| 33:57 | paper tiger · tribute_sent a jugador 4 |
| 33:57 | paper tiger · tribute_sent a jugador 5 |
| 33:57 | paper tiger · tribute_sent a jugador 6 |
| 33:57 | paper tiger · tribute_sent a jugador 8 |
| 34:16 | 直帝选手一碰就碎 · tribute_sent a jugador 1 |
| 34:16 | 直帝选手一碰就碎 · tribute_sent a jugador 2 |
| 34:16 | 直帝选手一碰就碎 · tribute_sent a jugador 3 |
| 34:16 | 直帝选手一碰就碎 · tribute_sent a jugador 4 |
| 34:16 | 直帝选手一碰就碎 · tribute_sent a jugador 5 |
| 34:16 | 直帝选手一碰就碎 · tribute_sent a jugador 6 |
| 34:16 | 直帝选手一碰就碎 · tribute_sent a jugador 7 |
| 34:22 | yuyuyuyuyu · tribute_sent a jugador 1 |
| 34:22 | yuyuyuyuyu · tribute_sent a jugador 3 |
| 34:22 | yuyuyuyuyu · tribute_sent a jugador 4 |
| 34:22 | yuyuyuyuyu · tribute_sent a jugador 5 |
| 34:22 | yuyuyuyuyu · tribute_sent a jugador 6 |
| 34:22 | yuyuyuyuyu · tribute_sent a jugador 7 |
| 34:22 | yuyuyuyuyu · tribute_sent a jugador 8 |
| 34:34 | 元子 · first_market_sell 500 food |
| 34:44 | black empire lao lei · tribute_sent a jugador 1 |
| 34:44 | black empire lao lei · tribute_sent a jugador 2 |
| 34:44 | black empire lao lei · tribute_sent a jugador 3 |
| 34:44 | black empire lao lei · tribute_sent a jugador 4 |
| 34:44 | black empire lao lei · tribute_sent a jugador 5 |
| 34:44 | black empire lao lei · tribute_sent a jugador 7 |
| 34:44 | black empire lao lei · tribute_sent a jugador 8 |
| 35:43 | 直帝选手一碰就碎 · first_building Archery Range |
| 35:44 | yuyuyuyuyu · first_building Archery Range |
| 37:36 | black empire lao lei · first_building Siege Workshop |
| 37:47 | yuyuyuyuyu · first_market_sell 100 food |
| 38:36 | 直帝选手一碰就碎 · first_building Siege Workshop |
| 39:40 | 还是从前那个少年 · wall_segment Stone Wall x4 |
| 40:04 | paper tiger · wall_segment Stone Wall x23 |
| 40:12 | 还是从前那个少年 · wall_segment Stone Wall x13 |
| 40:16 | 还是从前那个少年 · wall_segment Stone Wall x7 |
| 40:31 | _LY_抖音灵魂导师 · first_building Stable |
| 40:38 | 还是从前那个少年 · wall_segment Stone Wall x4 |
| 40:56 | yuyuyuyuyu · tribute_sent a jugador 1 |
| 40:56 | yuyuyuyuyu · tribute_sent a jugador 3 |
| 40:56 | yuyuyuyuyu · tribute_sent a jugador 4 |
| 40:56 | yuyuyuyuyu · tribute_sent a jugador 5 |
| 40:56 | yuyuyuyuyu · tribute_sent a jugador 6 |
| 40:56 | yuyuyuyuyu · tribute_sent a jugador 7 |
| 40:56 | yuyuyuyuyu · tribute_sent a jugador 8 |
| 41:06 | 还是从前那个少年 · wall_segment Stone Wall x4 |
| 41:08 | 还是从前那个少年 · wall_segment Stone Wall x1 |
| 41:51 | 还是从前那个少年 · wall_segment Stone Wall x8 |
| 42:21 | 还是从前那个少年 · wall_segment Stone Wall x1 |
| 42:29 | 还是从前那个少年 · wall_segment Stone Wall x4 |
| 42:35 | 还是从前那个少年 · wall_segment Stone Wall x5 |
| 42:38 | 还是从前那个少年 · wall_segment Stone Wall x5 |
| 42:52 | 直帝选手一碰就碎 · tribute_sent a jugador 1 |
| 42:52 | 直帝选手一碰就碎 · tribute_sent a jugador 2 |
| 42:52 | 直帝选手一碰就碎 · tribute_sent a jugador 3 |
| 42:52 | 直帝选手一碰就碎 · tribute_sent a jugador 4 |
| 42:52 | 直帝选手一碰就碎 · tribute_sent a jugador 5 |
| 42:52 | 直帝选手一碰就碎 · tribute_sent a jugador 6 |
| 42:52 | 直帝选手一碰就碎 · tribute_sent a jugador 7 |
| 44:35 | black empire lao lei · tribute_sent a jugador 1 |
| 44:35 | black empire lao lei · tribute_sent a jugador 2 |
| 44:35 | black empire lao lei · tribute_sent a jugador 3 |
| 44:35 | black empire lao lei · tribute_sent a jugador 4 |
| 44:35 | black empire lao lei · tribute_sent a jugador 5 |
| 44:35 | black empire lao lei · tribute_sent a jugador 7 |
| 44:35 | black empire lao lei · tribute_sent a jugador 8 |
| 44:40 | black empire lao lei · first_market_sell 500 food |
| 45:27 | _LY_抖音灵魂导师 · tribute_sent a jugador 1 |
| 45:27 | _LY_抖音灵魂导师 · tribute_sent a jugador 2 |
| 45:27 | _LY_抖音灵魂导师 · tribute_sent a jugador 4 |
| 45:27 | _LY_抖音灵魂导师 · tribute_sent a jugador 5 |
| 45:27 | _LY_抖音灵魂导师 · tribute_sent a jugador 6 |
| 45:27 | _LY_抖音灵魂导师 · tribute_sent a jugador 7 |
| 45:27 | _LY_抖音灵魂导师 · tribute_sent a jugador 8 |
| 46:54 | black empire lao lei · tribute_sent a jugador 1 |
| 46:54 | black empire lao lei · tribute_sent a jugador 2 |
| 46:54 | black empire lao lei · tribute_sent a jugador 3 |
| 46:54 | black empire lao lei · tribute_sent a jugador 4 |
| 46:54 | black empire lao lei · tribute_sent a jugador 5 |
| 46:54 | black empire lao lei · tribute_sent a jugador 7 |
| 46:54 | black empire lao lei · tribute_sent a jugador 8 |
| 48:16 | _LY_抖音肥龙 · wall_segment Stone Wall x1 |
| 48:46 | paper tiger · first_building Siege Workshop |
| 49:19 | _LY_抖音灵魂导师 · tribute_sent a jugador 1 |
| 49:19 | _LY_抖音灵魂导师 · tribute_sent a jugador 2 |
| 49:19 | _LY_抖音灵魂导师 · tribute_sent a jugador 4 |
| 49:19 | _LY_抖音灵魂导师 · tribute_sent a jugador 5 |
| 49:19 | _LY_抖音灵魂导师 · tribute_sent a jugador 6 |
| 49:19 | _LY_抖音灵魂导师 · tribute_sent a jugador 7 |
| 49:19 | _LY_抖音灵魂导师 · tribute_sent a jugador 8 |
| 49:31 | _LY_抖音肥龙 · first_building Archery Range |
| 49:54 | black empire lao lei · wall_segment Stone Wall x26 |
| 49:59 | black empire lao lei · wall_segment Stone Wall x9 |
| 50:02 | black empire lao lei · wall_segment Stone Wall x9 |
| 50:11 | _LY_抖音灵魂导师 · tribute_sent a jugador 1 |
| 50:11 | _LY_抖音灵魂导师 · tribute_sent a jugador 2 |
| 50:11 | _LY_抖音灵魂导师 · tribute_sent a jugador 4 |
| 50:11 | _LY_抖音灵魂导师 · tribute_sent a jugador 5 |
| 50:11 | _LY_抖音灵魂导师 · tribute_sent a jugador 6 |
| 50:11 | _LY_抖音灵魂导师 · tribute_sent a jugador 7 |
| 50:11 | _LY_抖音灵魂导师 · tribute_sent a jugador 8 |
| 53:15 | _LY_抖音肥龙 · first_building Siege Workshop |
| 56:18 | _LY_抖音灵魂导师 · resign |
[ AI ANALYSIS · 1 CREDIT ]
What really happened in this match?
Wolo.gg analyzes every decision: build order, eco, micro, common mistakes by bracket. Personalized analysis on WhatsApp or Discord in 30 seconds.
Civ guide
Tatars
Perfil
Jugador #22008407